AoeStats
← nkz ; banhoul

Lombardia

507910476Analyzed
2v2 RM · 12d ago on Sep 20, 2026· 53m 0s· 4 players
Game mode
Random Map
Map size
Medium (4 player)
Population
200
Speed
Normal
Resources
Standard
Victory
Conquest
Starting age
Dark Age
Ending age
Imperial Age
RankedLock teamsTeams togetherTeam positionsShared explorationLock speedFull tech treeHidden civsTurbo modeCheats
Victory
Defeat
🇦🇷 Franks · Argentina
965
+12
🇦🇷 Vietnamese · Argentina
876
+16
🇹🇼 Goths · Taiwan
905
-15
🇷🇺 Lithuanians · Russia
857
-13
牛。魔王
0:45 Loom
12:39 Feudal Age
12:43 Feudal Age
16:12 Wheelbarrow
16:27 Double-Bit Axe
16:27 Horse Collar
20:16 Castle Age
26:00 Squires
27:48 Heavy Plow
28:24 Gold Mining
29:11 Bow Saw
29:50 Pikeman
31:40 Hand Cart
32:18 Scale Mail Armor
32:29 Town Watch
37:03 Imperial Age
35:45 Chain Mail Armor
35:40 Forging
35:58 Anarchy
36:10 Town Patrol
37:26 Elite Huskarl
42:29 Perfusion
42:02 Halberdier
42:03 Man-at-Arms
47:59 Long Swordsman
49:37 Iron Casting
49:55 Conscription
49:08 Two-Handed Swordsman
50:16 Champion
X-you
1:17 Loom
10:42 Feudal Age
12:37 Double-Bit Axe
12:38 Horse Collar
13:38 Wheelbarrow
22:07 Castle Age
22:57 Husbandry
23:08 Bloodlines
23:39 Bow Saw
23:32 Heavy Plow
23:52 Hand Cart
30:57 Forging
30:53 Scale Barding Armor
32:54 Chain Barding Armor
33:11 Iron Casting
42:13 Imperial Age
42:00 Fletching
42:29 Cavalier
44:27 Chemistry
44:40 Pikeman
45:21 Squires
48:23 Conscription
Jtnbad
7:24 Loom
10:51 Feudal Age
15:31 Castle Age
14:01 Double-Bit Axe
16:22 Scale Barding Armor
20:59 Husbandry
21:33 Forging
27:34 Gold Mining
27:34 Stone Mining
29:52 Town Watch
30:43 Wheelbarrow
31:13 Chain Barding Armor
36:23 Imperial Age
36:37 Bow Saw
37:06 Iron Casting
36:55 Murder Holes
38:50 Chemistry
38:37 Plate Barding Armor
39:02 Blast Furnace
38:40 Conscription
38:21 Chivalry
38:53 Cavalier
40:11 Paladin
42:13 Chivalry
44:25 Hand Cart
47:48 Light Cavalry
nkz ; banhoul
10:13 Loom
12:32 Feudal Age
13:09 Double-Bit Axe
13:08 Horse Collar
13:19 Gold Mining
23:50 Castle Age
23:12 Wheelbarrow
24:20 Crossbowman
25:21 Bow Saw
28:19 Fletching
29:57 Heavy Plow
34:13 Heated Shot
34:46 Ballistics
34:07 Treadmill Crane
37:48 Squires
37:47 Bodkin Arrow
37:52 Padded Archer Armor
38:36 Thumb Ring
43:59 Stone Mining
Connection lost

Rejoining the realm…

Still unreachable

The connection could not be restored.

Session expired

The server has moved on; the page needs a fresh start.